 Dungeon Crawl Stone Soup version 0.23-a0-385-gb2d581486a (webtiles) character file.

8019 HereIgoKillingAgain the Severer (level 11, -2/89 HPs)
             Began as a Hill Orc Fighter on May 12, 2018.
             Was a Priest of Beogh.
             Slain by a two-headed ogre
             ... wielding a +0 giant club
              (15 damage)
             ... on level 10 of the Dungeon on Oct 28, 2018.
             The game lasted 00:09:44 (8503 turns).

HereIgoKillingAgain the Severer (Hill Orc Fighter)  Turns: 8503, Time: 00:09:44

Health: -2/89      AC: 14    Str: 20    XL:     11   Next: 24%
Magic:  11/11      EV:  3    Int: 13    God:    Beogh [***...]
Gold:   458        SH: 15    Dex: 10    Spells: 10/10 levels left

rFire    . . .     SeeInvis .   a - +1 war axe
rCold    . . .     Gourm    .   c - +0 shield
rNeg     . . .     Faith    .   j - +1 plate armour
rPois    .         Spirit   .   (no helmet)
rElec    .         Reflect  +   (no cloak)
rCorr    .         Harm     .   (no gloves)
MR       .....                  n - +0 pair of boots
Stlth    ..........             s - +6 amulet of reflection
HPRegen  0.24/turn              (no ring)
MPRegen  0.12/turn              (no ring)

@: about to teleport
A: hooves 1, clever 1
a: Smiting, Renounce Religion


You were on level 10 of the Dungeon.
You worshipped Beogh.
Beogh was most pleased with you.
You were not hungry.

You visited 1 branch of the dungeon, and saw 10 of its levels.

You collected 458 gold pieces.

Inventory:

Hand Weapons
 a - a +1 war axe (weapon)
Armour
 b - a +0 scale mail
 c - a +0 shield (worn)
 j - a +1 plate armour (worn)
 n - a +0 pair of boots (worn)
Jewellery
 s - a +6 amulet of reflection (around neck)
 u - a +3 amulet of reflection
 z - an uncursed ring of magical power {unknown}
Scrolls
 e - a scroll of enchant armour
 g - 3 scrolls of acquirement {unknown}
 h - 3 scrolls of remove curse
 i - 3 scrolls of fog
 l - a scroll of noise {unknown}
 p - a scroll of magic mapping {unknown}
 q - 3 scrolls of amnesia
 r - a scroll of immolation
 t - a scroll of enchant weapon
 x - 3 scrolls of identify
 y - a scroll of teleportation
Potions
 d - 2 potions of might
 k - a potion of agility
 m - a potion of ambrosia {unknown}
 o - a potion of magic {unknown}
 v - a potion of degeneration {unknown}
Comestibles
 f - 22 rations


   Skills:
 * Level 6.2 Fighting
 + Level 19.3 Axes
 + Level 4.6 Armour
 - Level 3.2 Shields


You had 10 spell levels left.
You didn't know any spells.
Your spell library contained the following spells:

 Spells                   Type           Power        Failure   Level  Hunger
 Beastly Appendage        Tmut           #.....       100%        1    ##.....
 Flame Tongue             Conj/Fire      #....        100%        1    ##.....
 Blade Hands              Tmut           #.........   100%        5    ######.
 Hydra Form               Tmut           #.........   100%        6    #######
 Dragon Form              Tmut           #.........   100%        7    #######


Dungeon Overview and Level Annotations

Branches:
Dungeon (10/15)            Temple (0/1) D:4
   Lair: D:8-11         Orc: D:9-12

Altars:
Cheibriados
Dithmenos
Fedhas
Gozag
Hepliaklqana
Makhleb
Nemelex Xobeh
Okawaru
Trog
Uskayaw
Wu Jian
Xom
Zin
The Shining One


Innate Abilities, Weirdness & Mutations

You have large cloven feet.
Your mind is acute. (Int +2)


Message History

The gargoyle hurls a stone arrow at you.
The stone arrow hits you!
* * * LOW HITPOINT WARNING * * *
A killer bee comes into view.
As you read the scroll of teleportation, it crumbles to dust.
You feel strangely unstable.
You are engulfed in a cloud of scalding steam.
* * * LOW HITPOINT WARNING * * *
A killer bee comes into view.
You block the gargoyle's attack. You block the two-headed ogre's attack.
The two-headed ogre barely misses you.
The killer bee moves out of view.
A killer bee comes into view.
The gargoyle hits you with a +0 morningstar!!
* * * LOW HITPOINT WARNING * * *
The killer bee moves out of view.
You feel better.
The steam dragon bites you but does no damage.
You block the steam dragon's attack.
The two-headed ogre hits you with a +0 giant club!
You die...

#.......#
#.......#
#.......#
#.......#
#.......#
####.########
#.........#
#........O####..y
#......)@Dy..y...
#........9.......
#................
#....≈≈≈.........
#......≈.........
#.........#'#####
#########.#.#
#.#.#


You could see a two-headed ogre, a steam dragon, a gargoyle and 2 killer bees.

Vanquished Creatures
  2 two-headed ogres
  An ugly thing (D:9)
  A cyclops (D:8)
  Joseph (D:8)
  The ghost of Narqulie the Cudgeler, a novice MiFi of Okawaru (D:5)
  3 hippogriffs
  6 yaks (D:9)
  A wyvern (D:8)
  A human (D:7)
  4 hogs (D:7)
  A hungry ghost (D:10)
  A water moccasin (D:6)
  An ice beast (D:8)
  3 sky beasts
  A phantom (D:4)
  3 ogres (D:6)
  6 centaurs
  A big kobold (D:6)
  5 bullfrogs
  3 scorpions
  A howler monkey (D:6)
  A bullfrog zombie (D:2)
  2 crimson imps
  6 hounds
  8 orc wizards
  A jelly (D:9)
  4 orc priests
  2 centaur skeletons
  2 iguanas
  6 worker ants
  A hound skeleton (D:4)
  A gnoll (D:7)
  3 adders
  2 shadow imps
  2 adder skeletons
  2 worms
  A dart slug (D:1)
  7 leopard geckos
  26 orcs
  6 giant cockroaches
  11 goblins
  16 hobgoblins
  15 jackals
  19 kobolds
  A ball python (D:3)
  12 bats
  5 frilled lizards
  A jackal zombie (D:6)
  A quokka skeleton (D:7)
  A quokka zombie (D:9)
  2 rats
214 creatures vanquished.

Vanquished Creatures (collateral kills)
  A bullfrog (D:10)
  An orc wizard (D:10)
  An adder zombie (D:9)
3 creatures vanquished.

Vanquished Creatures (others)
  A hippogriff (D:7)
  An orc warrior (D:10)
  An ogre (D:7)
  A centaur (D:7)
  An orc priest (D:4)
  3 orc wizards
  3 orcs
11 creatures vanquished.

Grand Total: 228 creatures vanquished

Notes
Turn   | Place    | Note
-------+----------+-------------------------------------------
     0 | D:1      | HereIgoKillingAgain the Hill Orc Fighter began the quest
                  | for the Orb.
     0 | D:1      | Reached XP level 1. HP: 19/19 MP: 1/1
    12 | D:1      | Reached skill level 3 in Axes
    41 | D:1      | Reached XP level 2. HP: 21/26 MP: 2/2
   137 | D:1      | Reached skill level 4 in Axes
   304 | D:1      | Reached XP level 3. HP: 31/31 MP: 3/3
   835 | D:2      | Reached skill level 5 in Axes
   835 | D:2      | Reached XP level 4. HP: 36/39 MP: 4/4
  1562 | D:3      | Reached skill level 6 in Axes
  1774 | D:3      | Reached XP level 5. HP: 21/45 MP: 5/5
  2122 | D:3      | Reached skill level 7 in Axes
  2385 | D:3      | Gained mutation: You are agile. (Dex +2) [potion of
                  | mutation]
  2385 | D:3      | Gained mutation: You occasionally shout uncontrollably at
                  | your foes. [potion of mutation]
  2385 | D:3      | Gained mutation: You are dopey. (Int -2) [potion of
                  | mutation]
  2385 | D:3      | Gained mutation: You have large cloven feet. [potion of
                  | mutation]
  2386 | D:3      | Lost mutation: You occasionally shout uncontrollably at
                  | your foes. [potion of mutation]
  2386 | D:3      | Lost mutation: You are agile. (Dex +2) [potion of mutation]
  2386 | D:3      | Lost mutation: You are dopey. (Int -2) [potion of mutation]
  2386 | D:3      | Gained mutation: Your mind is acute. (Int +2) [potion of
                  | mutation]
  2404 | D:4      | Noticed a phantom
  2408 | D:4      | Became a worshipper of Beogh the Brigand
  2431 | D:4      | Killed a phantom
  2431 | D:4      | Reached skill level 8 in Axes
  2431 | D:4      | Reached XP level 6. HP: 42/51 MP: 6/6
  2743 | D:4      | Found a glowing golden altar of the Shining One.
  2786 | D:4      | Found an iron altar of Okawaru.
  2828 | D:4      | Found a glowing silver altar of Zin.
  2982 | D:4      | Found a staircase to the Ecumenical Temple.
  3351 | D:5      | Entered Level 5 of the Dungeon
  3560 | D:5      | Found a runed door.
  3563 | D:5      | Noticed a hippogriff
  3563 | D:5      | Noticed Narqulie's ghost (novice MiFi)
  3598 | D:5      | Reached skill level 9 in Axes
  3603 | D:5      | Reached XP level 7. HP: 39/57 MP: 7/7
  3959 | D:5      | Found a hazy altar of Hepliaklqana.
  4008 | D:5      | Killed Narqulie's ghost
  4008 | D:5      | Reached skill level 11 in Axes
  4016 | D:5      | Killed a hippogriff
  4016 | D:5      | Reached XP level 8. HP: 64/64 MP: 8/8
  4087 | D:6      | Reached skill level 12 in Axes
  4173 | D:6      | Reached * piety under Beogh
  4205 | D:6      | Reached skill level 13 in Axes
  4350 | D:6      | Reached XP level 9. HP: 36/70 MP: 9/9
  4361 | D:6      | Reached skill level 14 in Axes
  4394 | D:6      | HP: 5/105 [something (2)]
  4742 | D:6      | Reached skill level 15 in Axes
  5213 | D:7      | Reached ** piety under Beogh
  5241 | D:7      | Found a blossoming altar of Fedhas.
  5307 | D:7      | Found a burning altar of Makhleb.
  5382 | D:7      | Found a shimmering altar of Xom.
  5396 | D:7      | Identified the Collected Works on the Shifting Blaze
  5430 | D:7      | Reached skill level 16 in Axes
  5658 | D:7      | Found a sparkling altar of Nemelex Xobeh.
  6042 | D:8      | Noticed a two-headed ogre
  6053 | D:8      | Reached XP level 10. HP: 77/77 MP: 10/10
  6059 | D:8      | Killed a two-headed ogre
  6059 | D:8      | Reached skill level 17 in Axes
  6103 | D:8      | Noticed a hand axe
  6103 | D:8      | Noticed a dagger
  6104 | D:8      | Found a hide-covered altar of Uskayaw.
  6114 | D:8      | Found an opulent altar of Gozag.
  6173 | D:8      | Noticed Joseph
  6181 | D:8      | Killed Joseph
  6308 | D:8      | Noticed a cyclops
  6633 | D:8      | Killed a cyclops
  6633 | D:8      | Reached skill level 18 in Axes
  6844 | D:8      | Reached *** piety under Beogh
  7059 | D:9      | Reached skill level 19 in Axes
  7359 | D:9      | Found a snail-covered altar of Cheibriados.
  7430 | D:9      | Noticed a two-headed ogre
  7443 | D:9      | Killed a two-headed ogre
  7443 | D:9      | Reached XP level 11. HP: 56/85 MP: 11/11
  7696 | D:9      | Found a bloodstained altar of Trog.
  7701 | D:9      | Found a shadowy altar of Dithmenos.
  7733 | D:9      | Reached skill level 5 in Fighting
  7996 | D:9      | Found an ornate altar of the Wu Jian Council.
  8067 | D:9      | Noticed a red ugly thing
  8083 | D:9      | Killed a red ugly thing
  8431 | D:10     | Entered Level 10 of the Dungeon
  8492 | D:10     | Noticed a two-headed ogre
  8503 | D:10     | Slain by a two-headed ogre

Vault maps used:
D:1:      dpeg_arrival_tiny_c
D:3:      serial_aquarium, aquarium_bridge_square, aquarium_window_fake,
          aquarium_window_fake, aquarium_view_2e, aquarium_pool_four,
          minmay_cut_off
D:4:      zin_statuary, tso_oasis_becter, okawaru_metal_pillars_1_2,
          minmay_temple_entry_enclosed_plants, moated_statue, patterned_corridor
D:5:      kennysheep_mini_moat, ebering_ghost_inner_flame, first_ration,
          corexii_hall_statues_s, corexii_hall_statues_x
D:6:      hangedman_cross_stitches
D:7:      corexii_shantytown, xom_confusion_cloud, bloody_makhleb,
          lemuel_coloured_pillars_altar, old_standard_altar,
          hangedman_decor_lopped, grunt_livestock
D:8:      dancing_weapons_uskayaw, nicolae_gozag_seed_capital, uniq_joseph
D:9:      kennysheep_blocky_room, kennysheep_mini, grunt_temple_overflow_open,
          lemuel_doored_altar
D:10:     david_lair_shrubbed, david_orc_4, uniq_urug, uniq_grum

Skill      XL: |  1  2  3  4  5  6  7  8  9 10 11 |
---------------+----------------------------------+-----
Axes           | 3 4 5 6 8 9 11 13 16 19 | 19.3
Fighting       | 4 6 |  6.2
Armour         | 4 |  4.6
Shields        | |  3.2

Action                   |  1- 3 |  4- 6 |  7- 9 | 10-12 || total
-------------------------+-------+-------+-------+-------++-------
Melee: War axe           |   102 |   218 |   333 |   253 ||   906
       Kick              |       |    12 |       |       ||    12
Invok: Convert to Beogh  |       |     1 |       |       ||     1
  Use: Scroll            |       |    14 |     2 |     1 ||    17
       Potion            |       |     2 |     8 |     2 ||    12
  Eat: Chunk             |       |     4 |     7 |     4 ||    15
       Ration            |       |     1 |     1 |     2 ||     4
Armor: Scale mail        |    27 |       |       |       ||    27
       Plate armour      |    21 |   155 |   139 |    71 ||   386
       Skin              |       |       |    61 |       ||    61
Dodge: Dodged            |    29 |    28 |    30 |    15 ||   102
Block: Shield            |    45 |   105 |   138 |   113 ||   401
       Reflection        |       |       |     2 |     8 ||    10

Table legend:
 A = Non-vault XP
 B = Vault XP
 C = Vault XP percentage of total XP
 D = Non-vault monster count
 E = Vault monster count
 F = Vault count percentage of total count
                 A         B        C        D         E       F
            +---------+---------+-------+---------+---------+-------
      Total |    7436 |    4021 |  35.1 |     157 |      60 |  27.6
            +---------+---------+-------+---------+---------+-------
        D:1 |      39 |       0 |   0.0 |      24 |       0 |   0.0
        D:2 |      68 |       0 |   0.0 |      12 |       0 |   0.0
        D:3 |      93 |       3 |   3.1 |      25 |       2 |   7.4
        D:4 |     241 |       0 |   0.0 |       9 |       0 |   0.0
        D:5 |     239 |     691 |  74.3 |       9 |       2 |  18.2
        D:6 |     869 |    1017 |  53.9 |      28 |      10 |  26.3
        D:7 |     279 |    1097 |  79.7 |       5 |      37 |  88.1
        D:8 |    2216 |     471 |  17.5 |      20 |       1 |   4.8
        D:9 |    3088 |     742 |  19.4 |      21 |       8 |  27.6
       D:10 |     304 |       0 |   0.0 |       4 |       0 |   0.0
            +---------+---------+-------+---------+---------+-------
